 Dungeon Crawl Stone Soup version 0.26-a0-651-gb41185065b (webtiles) character file.

Game seed: 13011375937306648792

12614 KennyOmg the Severer (level 11, -1/105 HPs)
             Began as a Minotaur Berserker on Sept 29, 2020.
             Was a High Priest of Trog.
             Killed from afar by an electric eel (13 damage)
             ... with a bolt of electricity
             ... on level 12 of the Dungeon.
             The game lasted 00:19:28 (9454 turns).

KennyOmg the Severer (Minotaur Berserker)           Turns: 9454, Time: 00:19:28

Health: -1/105     AC:  3    Str: 27    XL:     11   Next: 64%
Magic:  10/10      EV:  9    Int:  3    God:    Trog [*****.]
Gold:   243        SH: 12    Dex: 10    Spells: 10/10 levels left

rFire    . . .     SeeInvis .   a - +6 war axe (flame)
rCold    . . .     Faith    .   C - +1 kite shield
rNeg     + + +     Spirit   .   p - +0 scale mail {rPois}
rPois    +         Reflect  .   (helmet restricted)
rElec    .         Harm     .   L - -2 cloak
rCorr    +         Rampage  .   m - +0 pair of gloves
MR       +....                  B - +0 pair of boots of Gayklu {rN+++ Regen+ Str+4 Int-3}
Stlth    ..........             e - amulet of regeneration
HPRegen  1.07/turn              l - ring of protection from magic
MPRegen  0.12/turn              E - ring of resist corrosion

@: corroded
A: retaliatory headbutt, horns 2
a: Berserk, Trog's Hand, Brothers in Arms, Renounce Religion


You were on level 12 of the Dungeon.
You worshipped Trog.
Trog was extremely pleased with you.
You visited 1 branch of the dungeon, and saw 12 of its levels.

You collected 711 gold pieces.
You spent 468 gold pieces at shops.

Inventory:

Hand Weapons
 a - a +6 war axe of flaming (weapon)
   (You took it off a wight on level 8 of the Dungeon)
 s - a +2 broad axe
   (Trog gifted it to you on level 11 of the Dungeon)
Missiles
 c - 26 poisoned darts (quivered)
 i - a throwing net {!f}
Armour
 m - a +0 pair of gloves (worn)
   (You found it on level 4 of the Dungeon)
 p - a +0 scale mail of poison resistance (worn)
   (You bought it in a shop on level 4 of the Dungeon)
 B - the +0 pair of boots of Gayklu (worn) {rN+++ Regen+ Str+4 Int-3}
   (You bought it in a shop on level 4 of the Dungeon)

   It affects your strength (+4).
   It affects your intelligence (-3).
   It renders you almost immune to negative energy.
   It increases your rate of regeneration.
 C - a +1 kite shield (worn)
   (You took it off a gnoll sergeant on level 6 of the Dungeon)
 L - a -2 cloak (worn)
   (You found it on level 10 of the Dungeon)
Jewellery
 e - an amulet of regeneration (around neck)
   (You found it on level 2 of the Dungeon)
 l - a ring of protection from magic (left hand)
   (You found it on level 8 of the Dungeon)
 r - a cursed ring of teleportation {unknown}
   (You found it on level 11 of the Dungeon)
 E - a ring of resist corrosion (right hand)
   (You found it on level 7 of the Dungeon)
Wands
 d - a wand of iceblast (7)
   (You found it on level 6 of the Dungeon)
 j - a wand of enslavement (8)
   (You took it off Maurice on level 10 of the Dungeon)
Scrolls
 b - 6 scrolls of identify {@r1}
 h - 2 scrolls of enchant armour
 n - 3 scrolls of remove curse {@r2}
 v - a scroll of blinking
 y - a scroll of noise {!r}
 z - 3 scrolls of magic mapping
Potions
 f - 4 potions of heal wounds {@q2}
 g - 5 potions of flight
 k - 6 potions of curing {@q1}
 o - 4 potions of haste {@q3}
 q - 2 potions of ambrosia
 t - 2 potions of brilliance {unknown}
 u - 2 potions of invisibility
 w - 2 potions of mutation {!q}
 A - 2 potions of lignification {!q}
 D - a potion of experience
 F - a potion of might
 I - a potion of resistance
 J - a potion of berserk rage


   Skills:
 + Level 12.7 Fighting
 - Level 16.0 Axes
 - Level 2.4 Armour
 - Level 2.1 Dodging
 * Level 8.3 Shields


You had 10 spell levels left.
You didn't know any spells.
Your spell library was empty.

Dungeon Overview and Level Annotations

Branches:
Dungeon (12/15)            Temple (0/1) D:4            Lair (0/6) D:9
    Orc (0/2) D:11

Altars:
Fedhas
Qazlal
Xom

Shops:
D:4 [   D:9 =


Innate Abilities, Weirdness & Mutations

You reflexively headbutt those who attack you in melee.
You have a pair of horns on your head.


Message History

The mass of ice explodes!
The iceblast engulfs the electric eel!
Out of range.
The mass of ice explodes!
The iceblast engulfs the electric eel!
You kill the electric eel!
Trog accepts your kill.
Okay, then.
An acid dragon comes into view.
The acid dragon roars!
The acid dragon spits acid at you. The splash of acid hits you. You resist.
The acid corrodes you!
You are splashed with acid.
You resist.
The electric eel shoots out a bolt of lightning at you!
The bolt of electricity hits you!
You hit the acid dragon but do no damage.
The acid dragon barely misses you. You block the acid dragon's attack.
You slash the acid dragon! You burn the acid dragon.
An electric eel comes into view.
You block the acid dragon's attack. x2
You slice the acid dragon!! You burn the acid dragon.
You kill the acid dragon!
Trog accepts your kill.
The acid dragon scales are intact enough to wear.
The electric eel shoots out a bolt of lightning at you!
The bolt of electricity hits you!
The electric eel shoots out a bolt of lightning at you!
The bolt of electricity hits you!
The bolt of electricity hits the plant!
The plant begins to die.
You enter the shallow water.
Moving in this stuff is going to be slow.
Your unstable footing causes you to fumble your attack.
Unknown command.
The electric eel shoots out a bolt of lightning at you!
The bolt of electricity hits you!
The electric eel shoots out a bolt of lightning at you!
The bolt of electricity hits you!
* * * LOW HITPOINT WARNING * * *
The bolt of electricity hits you!
* * * LOW HITPOINT WARNING * * *
You miss the electric eel.
A nearby plant withers and dies.
You hit the electric eel. You burn the electric eel.
You closely miss the electric eel. Your headbutt misses the electric eel.
You miss the electric eel. Your headbutt misses the electric eel.
The electric eel shoots out a bolt of lightning at you!
The bolt of electricity hits you!
* * * LOW HITPOINT WARNING * * *
The electric eel shoots out a bolt of lightning at you!
The bolt of electricity hits you!
* * * LOW HITPOINT WARNING * * *
The bolt of electricity hits you!
You die...

..# #. .## #<##### .#
#.....# .###### #.###.#
.≈PPP≈# ##♣♣ #.## ≈≈P≈≈≈♣
♣≈♣♣♣♣#..##
≈≈P≈≈P♣♣♣♣≈≈≈≈♣≈#..###
P≈≈≈≈≈≈≈≈≈≈≈≈≈≈≈♣..≈≈#
................@..≈P♣##
≈≈≈≈≈≈≈≈≈≈≈≈†≈≈;≈.≈≈≈≈≈#.
♣≈P≈≈≈≈≈≈≈P≈≈≈≈≈≈.≈≈≈≈≈≈.
.≈P≈≈≈P♣≈PP≈≈≈≈≈;[≈≈≈PPP≈
#.≈♣≈≈♣##.♣♣♣♣≈≈≈.≈≈≈≈P≈≈
#.##.## #.# ♣♣≈≈.≈≈≈≈≈PP
#..... #.# ♣≈≈.≈≈≈≈≈≈≈
#...#.# #.# ♣≈≈.≈≈P≈≈≈≈
≈≈≈.≈P≈≈≈♣♣


You could see 2 electric eels.

Vanquished Creatures
  A two-headed ogre (D:10)
  An unseen horror (D:11)
  Pikel (D:5)
  Maurice (D:10)
  A gargoyle (D:10)
  A troll (D:10)
  A hornet (D:7)
  A meliai zombie (D:11)
  A hippogriff (D:10)
  A vampire (D:11)
  A wraith (D:11)
  2 wyverns
  11 yaks
  A basilisk (D:12)
  Grum (D:10)
  Menkaure (D:5)
  A two-headed ogre zombie (D:11)
  An acid dragon (D:12)
  A water moccasin (D:5)
  3 ice beasts
  An orc warrior (D:11)
  A black bear (D:6)
  A phantom (D:11)
  5 ogres
  4 wolves (D:10)
  6 centaurs
  3 big kobolds
  7 bullfrogs
  A scorpion (D:8)
  A water moccasin skeleton (D:5)
  2 troll zombies (D:11)
  4 killer bees (D:10)
  24 wights
  2 electric eels (D:12)
  5 howler monkeys
  A centaur zombie (D:11)
  3 bullfrog zombies
  7 orc priests
  5 hounds
  3 jellies
  2 bullfrog skeletons
  4 iguanas
  3 centaur skeletons
  Ijyb (D:5)
  11 orc wizards
  14 worker ants
  5 ogre zombies (D:11)
  3 hound zombies
  3 hound skeletons
  A howler monkey zombie (D:9)
  A worker ant zombie (D:9)
  16 adders
  36 gnolls
  2 howler monkey skeletons (D:4)
  A shadow imp (D:7)
  2 white imps
  5 ufetubi
  2 oozes
  4 adder skeletons
  2 worms
  3 dart slugs
  5 leopard geckos
  34 orcs
  6 giant cockroaches
  3 hobgoblins (D:2)
  21 jackals
  20 kobolds
  5 quokkas
  2 ball pythons
  8 bats
  9 frilled lizards
  4 goblins
  A goblin zombie (D:11)
  6 hobgoblin zombies (D:11)
  5 orc skeletons (D:11)
  13 orc zombies (D:11)
  6 rats
388 creatures vanquished.

Vanquished Creatures (collateral kills)
  A gnoll sergeant (D:6)
  9 gnolls (D:6)
10 creatures vanquished.

Vanquished Creatures (others)
  7 fungi (D:10)
  14 plants
21 creatures vanquished.

Grand Total: 419 creatures vanquished

Notes
Turn   | Place    | Note
-------+----------+-------------------------------------------
     0 | D:1      | KennyOmg the Minotaur Berserker began the quest for the
                  | Orb.
     0 | D:1      | Reached XP level 1. HP: 19/19 MP: 0/0
    96 | D:1      | Reached skill level 4 in Axes
    96 | D:1      | Reached XP level 2. HP: 22/27 MP: 1/1
   460 | D:2      | Reached XP level 3. HP: 33/33 MP: 2/2
   596 | D:2      | Reached skill level 5 in Axes
   681 | D:2      | Reached XP level 4. HP: 27/41 MP: 3/3
  1013 | D:2      | Reached ** piety under Trog
  1348 | D:3      | Reached skill level 6 in Axes
  1348 | D:3      | Reached XP level 5. HP: 38/47 MP: 4/4
  1693 | D:3      | Reached skill level 5 in Fighting
  1995 | D:4      | Reached skill level 7 in Axes
  1995 | D:4      | Reached XP level 6. HP: 25/56 MP: 5/5
  1996 | D:4      | Found Nuwoawimn's Armour Shoppe.
  2118 | D:4      | Reached *** piety under Trog
  2149 | D:4      | Reached skill level 8 in Axes
  2222 | D:4      | Found a staircase to the Ecumenical Temple.
  2316 | D:4      | Bought a +0 scale mail of poison resistance for 88 gold
                  | pieces
  2624 | D:5      | Entered Level 5 of the Dungeon
  2631 | D:5      | Reached XP level 7. HP: 53/63 MP: 6/6
  2881 | D:5      | Reached skill level 9 in Axes
  2882 | D:5      | Noticed Pikel
  2882 | D:5      | Noticed Ijyb
  2913 | D:5      | Killed Pikel
  2913 | D:5      | Reached skill level 10 in Axes
  2913 | D:5      | Reached XP level 8. HP: 59/74 MP: 7/7
  2920 | D:5      | Killed Ijyb
  2930 | D:5      | Reached skill level 11 in Axes
  3001 | D:5      | Found a stormy altar of Qazlal.
  3098 | D:5      | Noticed Menkaure
  3103 | D:5      | Killed Menkaure
  3103 | D:5      | Reached XP level 9. HP: 82/82 MP: 8/8
  3106 | D:5      | Reached **** piety under Trog
  3606 | D:6      | Reached skill level 12 in Axes
  4272 | D:6      | You fall into a shaft and drop 3 floors!
  4275 | D:9      | Found Gijeymn's Jewellery Boutique.
  4328 | D:9      | Reached ***** piety under Trog
  4338 | D:9      | Received a gift from Trog
  4447 | D:9      | Reached skill level 13 in Axes
  4514 | D:8      | Reached skill level 10 in Fighting
  4622 | D:8      | Found a shimmering altar of Xom.
  5333 | D:6      | Reached XP level 10. HP: 76/94 MP: 9/9
  5334 | D:6      | Reached skill level 1 in Shields
  5670 | D:6      | Reached skill level 14 in Axes
  5791 | D:4      | Bought the +0 pair of boots of Gayklu {rN+++ Regen+ Str+4
                  | Int-3} for 380 gold pieces
  7320 | D:9      | Found a staircase to the Lair.
  7502 | D:10     | Entered Level 10 of the Dungeon
  7502 | D:10     | Noticed Grum
  7513 | D:10     | Killed Grum
  7627 | D:10     | Reached skill level 15 in Axes
  7753 | D:10     | Reached skill level 5 in Shields
  7765 | D:10     | Reached XP level 11. HP: 68/103 MP: 10/10
  7911 | D:10     | Found a blossoming altar of Fedhas.
  7952 | D:10     | Noticed Maurice
  7960 | D:10     | Killed Maurice
  8087 | D:10     | Noticed a two-headed ogre
  8091 | D:10     | Killed a two-headed ogre
  8259 | D:10     | Received a gift from Trog
  8617 | D:11     | Reached skill level 16 in Axes
  8742 | D:11     | Found a staircase to the Orcish Mines.
  8861 | D:11     | Received a gift from Trog
  9164 | D:11     | Killed an unseen horror
  9454 | D:12     | Killed from afar by an electric eel

Illustrated notes

Levels and vault maps discovered:
D:1:      mushboom_english_gardens, layout_rooms
D:2:      layout_loops_cross
D:3:      layout_rooms, chequers_serial_rivers_small_a
D:4:      layout_cave_pools, minmay_temple_entry_mini_moons, serial_shops,
          nicolae_shop_waterfront
D:5:      layout_rooms, old_standard_altar, serial_bayou_ford_a,
          kennysheep_small_square, uniq_menkaure, uniq_ijyb, uniq_pikel
D:6:      lemuel_castle_with_subvaults [lemuel_castle_interior_carwin_1],
          layout_basic, nicolae_sextant
D:7:      layout_loops_ring
D:8:      layout_rooms, basic_altar, grunt_tough_drop
D:9:      layout_gridville, lair_entry_dummy, serial_shops, nicolae_shop_trees
D:10:     layout_long_grid, fedhas_altar_3, uniq_maurice, uniq_grum
D:11:     layout_long_grid, zombieorc2_lemuel
D:12:     layout_loops_ring, serial_bayou_lagoon_b

Skill      XL: |  1  2  3  4  5  6  7  8  9 10 11 |
---------------+----------------------------------+-----
Axes           | 4 5 6 7 8 10 11 13 15 16 | 16.0
Fighting       | 4 5 6 7 8 10 11 12 | 12.7
Shields        | 5 8 |  8.3
Armour         | |  2.4
Dodging        | |  2.1

Action                   |  1- 3 |  4- 6 |  7- 9 | 10-12 || total
-------------------------+-------+-------+-------+-------++-------
Melee: Hand axe          |    57 |   138 |   232 |       ||   427
       Headbutt          |     8 |    19 |    48 |    71 ||   146
       War axe           |       |       |    49 |   361 ||   410
Invok: Berserk           |       |     1 |     3 |     3 ||     7
       Trog's Hand       |       |       |     1 |     1 ||     2
       Brothers in Arms  |       |       |       |     1 ||     1
Evoke: Wand              |       |       |       |     2 ||     2
  Use: Scroll            |       |       |    10 |    16 ||    26
Armor: Ring mail         |    23 |    24 |       |       ||    47
       Scale mail        |       |    33 |   122 |    81 ||   236
Dodge: Dodged            |    33 |    81 |   131 |    95 ||   340
Block: Buckler           |       |       |     4 |     5 ||     9
       Kite shield       |       |       |       |   149 ||   149

Table legend: (Time is in decaauts)
 A = Elapsed time spent in this place.
 B = Non-inter-level travel time spent in this place.
 C = Inter-level travel time spent in this place.
 D = Time resting spent in this place.
 E = Time spent auto-exploring this place.
 F = Levels seen in this place.
 G = Mean time per level.
                   A        B        C        D        E       F      G
               +--------+--------+--------+--------+--------+-----+--------+
         Total |   9416 |   9010 |    406 |   1823 |   5228 |  12 |  784.7 |
       Dungeon |   9416 |   9010 |    406 |   1823 |   5228 |  12 |  784.7 |
               +--------+--------+--------+--------+--------+-----+--------+

Top non-repeatable levels by time:
     D:6: 1744 daAuts
    D:10: 987 daAuts
     D:5: 888 daAuts
     D:2: 836 daAuts
     D:3: 817 daAuts
     D:9: 809 daAuts
     D:7: 803 daAuts
    D:11: 771 daAuts
     D:4: 636 daAuts
     D:8: 529 daAuts
     D:1: 422 daAuts
    D:12: 167 daAuts
